 Dungeon Crawl Stone Soup version 0.24.0-1-gfbc8707122 (webtiles) character file.

Game seed: 17293297529368100327, levelgen mode: deterministic

16 Looknius the Poker (level 2, 0/29 HPs)
             Began as a Gnoll Chaos Knight on Oct 28, 2019.
             Was a Plaything of Xom.
             Slain by an ogre
             ... wielding a +0 giant spiked club
              (14 damage)
             ... on level 2 of the Dungeon.
             The game lasted 00:05:02 (771 turns).

Looknius the Poker (Gnoll Chaos Knight)              Turns: 771, Time: 00:05:02

Health: 0/29       AC:  9    Str: 14    XL:     2   Next: 54%
Magic:  2/2        EV:  7    Int: 14    God:    Xom [.*....]
Gold:   18         SH:  0    Dex: 14    Spells: 1/1 levels left

rFire    . . .     SeeInvis .   a - +0 spear (chaos)
rCold    . . .     Gourm    .   (no shield)
rNeg     . . .     Faith    .   d - +0 chain mail
rPois    .         Spirit   .   (no helmet)
rElec    .         Reflect  .   (no cloak)
rCorr    .         Harm     .   (no gloves)
MR       .....                  (no boots)
Stlth    ..........             (no amulet)
HPRegen  0.09/turn              (no ring)
MPRegen  0.08/turn              (no ring)

@: no status effects
A: distributed training, fangs 1, strong nose
a: Renounce Religion


You were on level 2 of the Dungeon.
You worshipped Xom.
You were a plaything of Xom.
You were not hungry.

You visited 1 branch of the dungeon, and saw 2 of its levels.

You collected 18 gold pieces.

Inventory:

Hand Weapons
 a - a +0 spear of chaos (weapon)
Armour
 b - a +2 leather armour
 d - a +0 chain mail (worn)
Scrolls
 e - a scroll of teleportation {unknown}
 g - a scroll of magic mapping {unknown}
Potions
 f - a potion of curing {unknown}
 h - a potion of agility {unknown}
Comestibles
 c - 5 rations


   Skills:
 + Level 6.5 Fighting
 + Level 0.4 Short Blades
 + Level 0.4 Long Blades
 + Level 0.4 Axes
 + Level 0.4 Maces & Flails
 + Level 6.5 Polearms
 + Level 0.4 Staves
 + Level 0.4 Slings
 + Level 0.4 Bows
 + Level 0.4 Crossbows
 + Level 0.4 Throwing
 + Level 4.5 Armour
 + Level 2.5 Dodging
 + Level 0.4 Stealth
 + Level 0.4 Shields
 + Level 0.4 Unarmed Combat
 + Level 0.4 Spellcasting
 + Level 0.2 Conjurations
 + Level 0.2 Hexes
 + Level 0.2 Charms
 + Level 0.2 Summonings
 + Level 0.2 Necromancy
 + Level 0.2 Translocations
 + Level 0.2 Transmutations
 + Level 0.2 Fire Magic
 + Level 0.2 Ice Magic
 + Level 0.2 Air Magic
 + Level 0.2 Earth Magic
 + Level 0.2 Poison Magic
 + Level 0.5 Invocations
 + Level 0.4 Evocations


You had one spell level left.
You didn't know any spells.
Your spell library was empty.

Dungeon Overview and Level Annotations

Branches:
Dungeon (2/15)

Altars:


Innate Abilities, Weirdness & Mutations

Your experience applies equally to all skills.
You have very sharp teeth.
Your uncanny sense of smell can sniff out nearby items.


Message History

You barely miss the rat. The rat barely misses you.
You closely miss the rat. The rat bites you but does no damage.
You hit the rat.
You kill the rat!
You hit the frilled lizard.
The frilled lizard seems to slow down.
You freeze the frilled lizard.
You kill the frilled lizard!
You see here a frilled lizard corpse.
An ogre comes into view. It is wielding a +0 giant spiked club.
Unknown command.
The ogre hits you with a +0 giant spiked club!
Ouch! That really hurt!
You barely miss the ogre. You bite the ogre, but do no damage.
The ogre barely misses you.
You hit the ogre but do no damage. You puncture the ogre!
The ogre is poisoned.
The ogre is moderately wounded.
The ogre hits you with a +0 giant spiked club!
You die...
Xom howls with laughter!

.# ##########.#
........#.#
##........#
#.........#
#.........#
#.........######
#.†.....@O.....#
#<........####..
##........#
..........#
##......####
.......... ∆
##......###
#...#### ###


You could see an ogre.

Vanquished Creatures
  3 bats (D:1)
  3 hobgoblins (D:1)
  2 kobolds (D:1)
  2 frilled lizards
  3 goblins (D:1)
  3 rats
16 creatures vanquished.

Notes
Turn   | Place    | Note
-------+----------+-------------------------------------------
     0 | D:1      | Looknius the Gnoll Chaos Knight began the quest for the
                  | Orb.
     0 | D:1      | Reached XP level 1. HP: 23/23 MP: 1/1
   180 | D:1      | Reached XP level 2. HP: 29/29 MP: 2/2
   359 | D:1      | XOM: mild Ice miscast
   559 | D:1      | XOM: 3-stop teleportation journey
   680 | D:1      | XOM: noise
   765 | D:2      | Noticed an ogre
   771 | D:2      | Slain by an ogre

Levels and vault maps discovered:
D:1:      lordsloth_arrival_two_stooges, layout_loops_ring
D:2:      minmay_skewed_foursquare, layout_basic,
          gammafunk_temple_overflow_wave, nicolae_overflow_crystal_walls,
          hangedman_decor_points

Action                   || total
-------------------------++-------
Melee: Spear             ||    40
       Bite              ||     5
Armor: Chain mail        ||    22
Dodge: Dodged            ||    13
